 Dungeon Crawl Stone Soup version 0.31-a0-150-g89dc3ad700 (webtiles) character file.

Game seed: 12949991642925400995

125 Ijustatesigmund the Stinger (level 5, 0/33 HPs)
             Began as an Octopode Venom Mage on June 8, 2023.
             Slain by a goblin
             ... wielding a +0 dagger
             ... led by Robin
              (3 damage)
             ... on level 4 of the Dungeon.
             The game lasted 00:04:42 (3320 turns).

Ijustatesigmund the Stinger (Octopode Venom Mage)   Turns: 3320, Time: 00:04:43

Health: 0/33       AC:  1    Str:  7    XL:     5   Next: 9%
Magic:  8/9        EV: 13    Int: 20    God:
Gold:   127        SH:  0    Dex: 12    Spells: 3/9 levels left

rFire   . . .        h - +0 flail
rCold   . . .        (no shield)
rNeg    . . .        (helmet restricted)
rPois   .            k - amulet of magic regeneration
rElec   .            (no ring)
rCorr   .            (no ring)
SInv    .            (no ring)
Will    .....        (no ring)
Stlth   +++          (no ring)
HPRegen 0.25/turn    (no ring)
MPRegen 0.51/turn    (no ring)
                     (no ring)

%: no passive effects
@: no status effects
A: almost no armour, amphibious, 8 rings, camouflage 1, gelatinous body 1,
(nimble swimmer 1), tentacles
a: no special abilities


You were on level 4 of the Dungeon.
You visited 1 branch of the dungeon, and saw 4 of its levels.

You collected 127 gold pieces.

Inventory:

Hand Weapons
 h - a +0 flail (weapon)
Missiles
 p - a throwing net
Armour
 o - the +0 kite shield "Naetos" {rF+ Int+3}
   (You found it on level 3 of the Dungeon)

   Int:       It affects your intelligence (+3).
   rF:        It protects you from fire.
Jewellery
 k - an amulet of magic regeneration (around mantle)
Wands
 l - a wand of charming (3)
 n - a wand of roots (12)
Scrolls
 b - 2 scrolls of teleportation
 c - a scroll of enchant armour {unknown}
 f - a scroll of acquirement {unknown}
 i - a scroll of enchant weapon {unknown}
 j - 7 scrolls of identify {unknown}
Potions
 a - a potion of magic
 d - a potion of curing
 e - a potion of heal wounds {unknown}
 g - a potion of attraction {unknown}
 m - a potion of might {unknown}


   Skills:
 - Level 1.5 Fighting
 - Level 2.0 Dodging
 - Level 2.6 Stealth
 + Level 2.8 Spellcasting
 + Level 1.1 Conjurations
 - Level 1.3 Transmutations
 + Level 1.7 Air Magic
 + Level 4.6 Poison Magic


You had 3 spell levels left.
You knew the following spells:

 Your Spells              Type           Power      Damage    Failure   Level
a - Sting                 Tmut/Pois      56%        1d5       4%          1
b - Poisonous Vapours     Pois/Air       30%        N/A       6%          2
c - Mephitic Cloud        Conj/Pois/Air  12%        N/A       16%         3

Your spell library contained the following spells:

 Spells                   Type           Power      Damage    Failure   Level
 Olgreb's Toxic Radiance  Pois           21%        N/A       22%         4


Dungeon Overview and Level Annotations

Branches:
Dungeon (4/15)
 Temple: D:4-7

Altars:
Trog
Wu Jian

Annotations:
D:4 Robin


Innate Abilities, Weirdness & Mutations

You cannot wear most types of armour.
You are amphibious.
You can wear up to eight rings at the same time.
Your skin changes colour to match your surroundings (Stealth+).
Your rubbery body absorbs attacks. (AC +1, EV +1)
((You are camouflaged when in or above water. (Stealth+)))
You have tentacles for arms and can constrict up to eight enemies at once.


Message History

Confirm with . or Enter, or press ? or * to list all spells.
Aiming: Poisonous Vapours (safe; 6% risk of failure)
Press: ? - help, Dir - move target, f - hobgoblin
Aim: a hobgoblin (strong) Poisonous vapours surround the hobgoblin!
The hobgoblin is poisoned.
The goblin hits you with a +0 dagger. The hobgoblin barely misses you.
The goblin hits you with a +0 dagger.
* * * LOW HITPOINT WARNING * * *
Casting: Poisonous Vapours (safe; 6% risk of failure)
Confirm with . or Enter, or press ? or * to list all spells.
Aiming: Sting (safe; 4% risk of failure)
Press: ? - help, Shift-Dir - straight line, f/p - hobgoblin
Aim: a hobgoblin (strong, poisoned, 71% to hit)
The sting hits the hobgoblin.
The hobgoblin looks even sicker.
The hobgoblin is heavily wounded.
The goblin closely misses you. The hobgoblin barely misses you.
The goblin hits you with a +0 dagger.
* * * LOW HITPOINT WARNING * * *
Casting: Sting (safe; 4% risk of failure)
Confirm with . or Enter, or press ? or * to list all spells.
Aiming: Sting (safe; 4% risk of failure)
Press: ? - help, Shift-Dir - straight line, f/p - hobgoblin
Aim: a hobgoblin (severely wounded, strong, very poisoned, 71% to hit)
The sting misses the hobgoblin.
Your surroundings suddenly seem different.
A goblin comes into view. It is wielding a +0 club.
Found a mace.
Found a stone staircase leading up.
You feel a bit more experienced.
Robin roars a battlecry!
The goblin goes into a battle-frenzy!
The goblin closely misses you. The goblin attacks as you move away!
The goblin hits you with a +0 club.
* * * LOW HITPOINT WARNING * * *
Robin throws the goblin at you!
* * * LOW HITPOINT WARNING * * *
The goblin attacks as you move away! The goblin hits you with a +0 dagger.
* * * LOW HITPOINT WARNING * * *
There is a stone staircase leading up here.
The goblin hits you with a +0 dagger.
You die... #ggg#

# ...# #### #.#§#.#
#...### <..# #.#g#.#
#..... ##.#
#...g.#####..)####. ##.#
###.##............. .#.#
#...g..g.?.........
.#.###.#.##..g.g........
.#.##....######gg...###.
...#.....## #..@.......
.##.......# #......####
..........# #..###.#
###....>..# #..#⌠#.#
.......## ##.###.#
.##....## #.....# #.
#..### ###..## # ...#
... .##


You could see Robin, 2 hobgoblins and 3 goblins.

Vanquished Creatures
  3 gnolls
  4 adders
  A worm (D:2)
  A dart slug (D:1)
  5 endoplasms
  3 giant cockroaches
  3 goblins
  7 hobgoblins
  4 jackals
  3 quokkas
  4 ball pythons
  2 bats
  3 frilled lizards
  5 kobolds
  4 rats
52 creatures vanquished.

Notes
Turn   | Place    | Note
-------+----------+-------------------------------------------
     0 | D:1      | Ijustatesigmund the Octopode Venom Mage began the quest for
                  | the Orb.
     0 | D:1      | Reached XP level 1. HP: 11/11 MP: 3/3
   289 | D:1      | Reached XP level 2. HP: 18/18 MP: 1/5
   292 | D:1      | Learned a level 2 spell: Poisonous Vapours
   984 | D:2      | Found an ornate altar of the Wu Jian Council.
  1152 | D:2      | Reached skill level 1 in Fighting
  1233 | D:2      | Reached skill level 4 in Poison Magic
  1237 | D:2      | Reached XP level 3. HP: 21/23 MP: 0/6
  1243 | D:2      | Reached skill level 1 in Air Magic
  1841 | D:3      | Learned a level 3 spell: Mephitic Cloud
  1914 | D:3      | Reached XP level 4. HP: 28/28 MP: 7/7
  2061 | D:3      | Found a bloodstained altar of Trog.
  2739 | D:3      | Identified the +0 kite shield "Naetos" {rF+ Int+3}
  2980 | D:4      | Reached skill level 1 in Conjurations
  3235 | D:4      | Reached XP level 5. HP: 20/33 MP: 3/9
  3305 | D:4      | Noticed Robin
  3320 | D:4      | Slain by a goblin

Illustrated notes

Levels and vault maps discovered:
D:1:      psy_arrival_whirlpool, layout_loops_ring, minmay_misc_feat_cross,
          dreamdust_princess_corridor, nrook_mini_vaults,
          corexii_item_surrounded_by_moat, wad_floor_pattern_1,
          minmay_misc_feat_ornament, minmay_misc_feat_five, minmay_distorted
D:2:      layout_basic, basic_altar
D:3:      layout_rooms, trog_book, palyth_stone_intersect
D:4:      layout_loops_cross, nicolae_overflow_crystal_walls, feat_on_display,
          uniq_robin

Skill      XL: |  1  2  3  4 |
---------------+-------------+-----
Fighting       | 1 |  1.5
Poison Magic   | 4 |  4.6
Air Magic      | 1 |  1.7
Conjurations   | 1 |  1.1
Dodging        | |  2.0
Stealth        | |  2.6
Spellcasting   | |  2.8
Transmutations | |  1.3

Action                     |  1- 3 |  4- 6 || total
---------------------------+-------+-------++-------
  Melee: Unarmed           |    15 |       ||    15
         Mace              |    30 |    21 ||    51
         Constrict         |    10 |     6 ||    16
         Tentacles         |     7 |    11 ||    18
         Punch             |     1 |       ||     1
         Flail             |       |     5 ||     5
   Cast: Sting             |    26 |     2 ||    28
         Poisonous Vapours |    15 |    24 ||    39
    Use: Potion            |     1 |       ||     1
         Scroll            |       |     1 ||     1
   Stab: Sleeping          |     1 |     1 ||     2
 Armour: Skin              |     3 |     3 ||     6
  Dodge: Dodged            |    28 |    32 ||    60

Table legend: (Time is in decaauts)
 A = Elapsed time spent in this place.
 B = Non-inter-level travel time spent in this place.
 C = Inter-level travel time spent in this place.
 D = Time resting spent in this place.
 E = Time spent auto-exploring this place.
 F = Levels seen in this place.
 G = Mean time per level.
                   A        B        C        D        E       F      G
               +--------+--------+--------+--------+--------+-----+--------+
         Total |   3342 |   3281 |     61 |   1059 |   1847 |   4 |  835.5 |
       Dungeon |   3342 |   3281 |     61 |   1059 |   1847 |   4 |  835.5 |
               +--------+--------+--------+--------+--------+-----+--------+

Top non-repeatable levels by time:
     D:3: 1385 daAuts
     D:2: 1001 daAuts
     D:1: 845 daAuts
     D:4: 111 daAuts
